 Dungeon Crawl Stone Soup version 0.17.1-3-g152610e (webtiles) character file.

7408 warlockg3 the Arsonist (level 10, -1/71 HPs)
             Began as a Demonspawn Fire Elementalist on Apr 10, 2016.
             Was a High Priest of Sif Muna.
             Slain by Snorg (5 damage)
             ... on level 10 of the Dungeon on Apr 11, 2016.
             The game lasted 01:26:12 (9989 turns).

warlockg3 the Arsonist (DsFE)                       Turns: 9989, Time: 01:26:13

Health: -1/71      AC:  7    Str:  8    XL:     10   Next: 92%
Magic:  0/21       EV: 18    Int: 20    God:    Sif Muna [*****.]
Gold:   577        SH:  0    Dex: 14    Spells: 5 memorised, 10 levels left

rFire  . . .     SeeInvis .     x - +5 falchion
rCold  + . .     Clarity  +     H - +2 robe {Archmagi}
rNeg   . . .     SustAt   .     (no shield)
rPois  +         Gourm    .     (helmet restricted)
rElec  .         Spirit   +     J - +0 cloak
rCorr  .         Warding  .     U - +0 pair of gloves
rMut   .         Stasis   .     r - +0 pair of boots
MR     +....                    R - amulet "Qalyid" {Spirit rPois MR+}
Stlth  ++........               (no ring)
                                (no ring)

@: hasted, very quick, somewhat resistant to hostile enchantments, unstealthy
A: antennae 2, repulsion field 1, clarity, cold resistance 1, spiny 3, spit
poison 1
a: Spit Poison, Channel Energy, Forget Spell, Renounce Religion


You were on level 10 of the Dungeon.
You worshipped Sif Muna.
Sif Muna was extremely pleased with you.
You were not hungry.

You visited 2 branches of the dungeon, and saw 11 of its levels.

You collected 577 gold pieces.

Inventory:

Hand Weapons
 h - a +2 whip of freezing
 u - the +9 flail of Fortitude {freeze, rN+, unknown}
   (You found it on level 9 of the Dungeon)

   It has been specially enchanted to freeze those struck by it, causing extra
   injury to most foes and up to half again as much damage against particularly
   susceptible opponents.
   It can also slow down cold-blooded creatures.
   It protects you from negative energy.
 x - a +5 falchion (weapon)
 B - a +1 dagger of chaos
 T - a cursed -2 whip
Armour
 o - a +0 helmet
 r - a +0 pair of boots (worn)
 w - a +0 leather armour of fire resistance
 H - a +2 robe of the Archmagi (worn)
 J - a +0 cloak (worn)
 S - a +1 helmet of intelligence
 U - a +0 pair of gloves (worn)
 Z - a +2 robe of magic resistance
Jewellery
 g - an uncursed amulet of regeneration
 j - an uncursed amulet of resist corrosion
 v - an uncursed amulet of regeneration
 R - the amulet "Qalyid" (around neck) {Spirit rPois MR+}
   (You found it on level 6 of the Dungeon)

   [amulet of guardian spirit]

   It causes incoming damage to be split between your health and magic.
   It protects you from poison.
   It affects your resistance to hostile enchantments.
Wands
 a - a wand of confusion (18)
 c - a wand of slowing (27)
 l - a wand of frost (23)
 n - a wand of flame (29)
 q - a wand of slowing (31)
 s - a wand of digging (17)
 G - a wand of magic darts (21)
 I - a wand of polymorph (4)
 L - a wand of fireball (15)
Scrolls
 e - a scroll of amnesia
 C - 5 scrolls of remove curse
 E - a scroll of fog
 X - a scroll of identify
Potions
 d - a potion of lignification
 A - 2 potions of cancellation
 D - a potion of haste
Books
 b - a book of Flames

   Spells                             Type                      Level
   a - Flame Tongue                   Conjuration/Fire             1
   b - Throw Flame                    Conjuration/Fire             2
   c - Conjure Flame                  Conjuration/Fire             3
   d - Inner Flame                    Hexes/Fire                   3
   e - Sticky Flame                   Conjuration/Fire             4
   f - Fireball                       Conjuration/Fire             5
 i - a book of Air

   Spells                             Type                      Level
   a - Shock                          Conjuration/Air              1
   b - Swiftness                      Charms/Air                   2
   c - Repel Missiles                 Charms/Air                   2
   d - Static Discharge               Conjuration/Air              3
   e - Lightning Bolt                 Conjuration/Air              5
 Y - a book of the Sky

   Spells                             Type                      Level
   a - Summon Lightning Spire         Summoning/Air                4
   b - Airstrike                      Air                          4
   c - Silence                        Hexes/Air                    5
   d - Deflect Missiles               Charms/Air                   6
   e - Conjure Ball Lightning         Conjuration/Air              6
   f - Tornado                        Air                          9
Comestibles
 f - 2 meat rations
 k - a beef jerky
 p - a slice of pizza
 N - 9 bread rations
 Q - 7 fruits
 W - a royal jelly


   Skills:
 + Level 4.1 Fighting
 + Level 2.5 Long Blades
 - Level 1.6 Maces & Flails
 + Level 7.6 Dodging
 - Level 2.8 Stealth
 + Level 7.3 Spellcasting
 + Level 6.2 Conjurations
 * Level 8.5 Fire Magic
 * Level 1.9 Air Magic
 + Level 0.3 Invocations


You had 10 spell levels left.
You knew the following spells:

 Your Spells              Type           Power        Failure   Level  Hunger
a - Flame Tongue          Conj/Fire      #####        1%          1    None
b - Throw Flame           Conj/Fire      ######       1%          2    None
c - Fireball              Conj/Fire      ######....   14%         5    #####..
d - Sticky Flame          Conj/Fire      ######..     6%          4    ###....
e - Shock                 Conj/Air       ####         1%          1    None


Dungeon Overview and Level Annotations

Branches:
Dungeon (10/15)            Temple (1/1) D:4            Lair (0/8) D:10
    Orc: D:9-12

Altars:
Ashenzari
Cheibriados
Dithmenos
Elyvilon
Fedhas
Gozag
Kikubaaqudgha
Makhleb
Nemelex Xobeh
Okawaru
Qazlal
Ru
Sif Muna
Trog
Vehumet
Xom
Yredelemnul
Zin
The Shining One

Shops:
D:5 =[   D:7 [

Annotations:
D:10 Snorg


Innate Abilities, Weirdness & Mutations

You have a pair of antennae on your head.
You are surrounded by a mild repulsion field (EV +2).
Your flesh is cold resistant.
You are completely covered in sharp spines.
You possess an exceptional clarity of mind.
You can spit weak poison.


Message History

Snorg is severely wounded.
Snorg is struck by your spines. Snorg bites you!! Snorg misses you.
Snorg completely misses you. Snorg closely misses you. Snorg misses you.
Snorg misses you.
You slash Snorg!
Snorg is severely wounded.
Snorg closely misses you. Snorg claws you. Snorg closely misses you.
Snorg barely misses you. x3
You slash Snorg!
Snorg is almost dead.
Snorg misses you. Snorg claws you!!
* * * LOW HITPOINT WARNING * * *
Snorg completely misses you. Snorg closely misses you. Snorg misses you.
Snorg claws you!
* * * LOW HITPOINT WARNING * * *
Drink which item? (? for menu, Esc to quit)
You feel yourself speed up. Snorg is struck by your spines.
Snorg completely misses you. x2
Snorg claws you.
You die...

###################
..................##
...................##
....................##
.......@.............##
.......T....[.........##
.......................#
........................
........#...............
........##..............
....#.#..##.............
../#.###..##............
..##Z##..##.......)...


You could see Snorg (berserk).

Vanquished Creatures
  The ghost of kaze the Shield-Bearer, a novice HOFi (D:6)
  2 hill giants (D:9)
  Psyche (D:8)
  A komodo dragon (D:9)
  Grinder (D:6)
  Prince Ribbit (D:6)
  A trapdoor spider zombie (D:10)
  A spriggan (D:7)
  Sigmund (D:2)
  2 deep elf magi
  3 hungry ghosts (D:8)
  2 steam dragons (D:8)
  A hippogriff (D:7)
  2 orc warriors
  Duvessa (D:4)
  An ice beast (D:5)
  2 necrophages
  A water moccasin (D:7)
  A black bear (D:7)
  The ghost of Tobisume the Insei, an amateur DsMo (D:3)
  2 centaurs
  6 ogres
  2 phantoms
  A big kobold (D:7)
  A wyvern zombie (D:8)
  4 giant frogs
  A crocodile (D:10)
  A gnoll sergeant (D:9)
  Dowan (D:4)
  A gnoll shaman (D:7)
  A quasit (D:9)
  3 hounds
  5 orc priests
  Ijyb (D:2)
  4 jellies
  3 worker ants
  9 orc wizards
  A worker ant zombie (D:10)
  13 adders
  15 gnolls
  2 shadow imps
  3 worms
  A giant gecko (D:3)
  25 orcs
  6 bats
  3 giant cockroaches
  9 goblins
  11 hobgoblins
  9 jackals
  4 quokkas
  3 giant newts
  13 kobolds
  A quokka skeleton (D:6)
  8 rats
  A plant (D:3)
201 creatures vanquished.

Vanquished Creatures (others)
  A goblin (D:2)
1 creature vanquished.

Grand Total: 202 creatures vanquished

Notes
Turn   | Place    | Note
--------------------------------------------------------------
     0 | D:1      | warlockg3 the Demonspawn Fire Elementalist began the quest for the Orb.
     0 | D:1      | Reached XP level 1. HP: 13/13 MP: 3/3
   333 | D:1      | Reached skill level 3 in Fire Magic
   333 | D:1      | Gained mutation: You are surrounded by a mild repulsion field (EV +2). [demonic ancestry]
   333 | D:1      | Reached XP level 2. HP: 19/19 MP: 0/5
   575 | D:1      | Learned a level 2 spell: Throw Flame
   831 | D:2      | Noticed Ijyb
   850 | D:2      | Gained mutation: You possess an exceptional clarity of mind. [potion of mutation]
   850 | D:2      | Gained mutation: You can spit weak poison. [potion of mutation]
   850 | D:2      | Gained mutation: You have a pair of small horns on your head. [potion of mutation]
   856 | D:2      | Killed Ijyb
   856 | D:2      | Reached XP level 3. HP: 10/24 MP: 1/6
  1049 | D:2      | Found a radiant altar of Vehumet.
  1257 | D:2      | Reached skill level 1 in Maces & Flails
  1257 | D:2      | Gained mutation: You are partially covered in sharp spines. [demonic ancestry]
  1257 | D:2      | Reached XP level 4. HP: 31/31 MP: 2/7
  1542 | D:2      | Found a sparkling altar of Nemelex Xobeh.
  1542 | D:2      | Found an opulent altar of Gozag.
  1732 | D:2      | Noticed Sigmund
  1754 | D:2      | Killed Sigmund
  1754 | D:2      | Reached skill level 1 in Fighting
  1754 | D:2      | Gained mutation: Your flesh is cold resistant. [demonic ancestry]
  1754 | D:2      | Reached XP level 5. HP: 28/37 MP: 7/9
  1754 | D:2      | Lost mutation: You have a pair of small horns on your head. [demonic ancestry]
  1754 | D:2      | Gained mutation: You have a pair of small antennae on your head. [demonic ancestry]
  1754 | D:2      | Reached XP level 6. HP: 32/43 MP: 7/10
  2203 | D:3      | Noticed Tobisume's ghost (amateur DsMo)
  2225 | D:3      | Killed Tobisume's ghost
  2225 | D:3      | Reached skill level 4 in Dodging
  2459 | D:3      | Found a basalt altar of Yredelemnul.
  2629 | D:3      | Found a sacrificial altar of Ru.
  2657 | D:3      | Became a worshipper of Ru the Awakened
  2870 | D:4      | Found a staircase to the Ecumenical Temple.
  2889 | Temple   | Entered the Ecumenical Temple
  3001 | Temple   | Fell from the grace of Ru
  3001 | Temple   | Became a worshipper of Sif Muna the Loreminder
  3063 | D:4      | Learned a level 3 spell: Conjure Flame
  3188 | D:4      | Gained mutation: You have a pair of antennae on your head. [demonic ancestry]
  3188 | D:4      | Reached XP level 7. HP: 34/48 MP: 7/12
  3450 | D:4      | Noticed Duvessa
  3453 | D:4      | Noticed Dowan
  3457 | D:4      | Killed Duvessa
  3468 | D:4      | Killed Dowan
  3640 | D:4      | Found a shimmering altar of Xom.
  4126 | D:5      | Entered Level 5 of the Dungeon
  4126 | D:5      | Found Yhyfa's Jewellery Shop.
  4265 | D:5      | Reached skill level 5 in Dodging
  4296 | D:5      | Found Vaosch's Armour Shoppe.
  4310 | D:5      | Reached * piety under Sif Muna
  4310 | D:5      | Reached XP level 8. HP: 45/56 MP: 1/14
  4318 | D:5      | Learned a level 4 spell: Sticky Flame
  4726 | D:5      | Reached skill level 5 in Fire Magic
  5132 | D:6      | Found a shattered altar of Ashenzari.
  5141 | D:6      | Got a translucent ruby amulet
  5142 | D:6      | Identified the amulet "Qalyid" {Spirit rPois MR+} (You found it on level 6 of the Dungeon)
  5314 | D:6      | Noticed Grinder
  5321 | D:6      | Noticed Prince Ribbit
  5329 | D:6      | Killed Prince Ribbit
  5329 | D:6      | Reached ** piety under Sif Muna
  5329 | D:6      | Reached skill level 1 in Long Blades
  5329 | D:6      | Reached skill level 5 in Spellcasting
  5343 | D:6      | Killed Grinder
  5343 | D:6      | Reached skill level 6 in Fire Magic
  5343 | D:6      | Gained mutation: You are mostly covered in sharp spines. [demonic ancestry]
  5343 | D:6      | Reached XP level 9. HP: 45/62 MP: 1/16
  5441 | D:6      | Noticed kaze's ghost (novice HOFi)
  5467 | D:6      | Killed kaze's ghost
  6164 | D:7      | Found Sikh's Armour Boutique.
  6328 | D:7      | Reached *** piety under Sif Muna
  6429 | D:7      | Reached skill level 5 in Conjurations
  6430 | D:7      | Reached skill level 7 in Fire Magic
  6514 | D:7      | Found a blossoming altar of Fedhas.
  6923 | D:8      | Gained mutation: You are completely covered in sharp spines. [demonic ancestry]
  6923 | D:8      | Reached XP level 10. HP: 52/71 MP: 9/19
  7089 | D:8      | Noticed Psyche
  7098 | D:8      | Killed Psyche
  7513 | D:8      | Reached **** piety under Sif Muna
  7537 | D:8      | Learned a level 5 spell: Fireball
  8443 | D:9      | Learned a level 1 spell: Shock
  8779 | D:9      | Noticed a hill giant
  8822 | D:9      | Killed a hill giant
  8822 | D:9      | Reached skill level 8 in Fire Magic
  9019 | D:9      | Reached skill level 1 in Air Magic
  9030 | D:9      | Got a transparent flail
  9114 | D:10     | Entered Level 10 of the Dungeon
  9128 | D:10     | Noticed a hill giant
  9129 | D:10     | Noticed an elephant
  9403 | D:10     | an elephant changed into a komodo dragon
  9422 | D:9      | Reached ***** piety under Sif Muna
  9653 | D:9      | Killed a hill giant
  9866 | D:10     | Found a staircase to the Lair.
  9976 | D:10     | Noticed Snorg
  9989 | D:10     | Slain by Snorg

Action                   |  1- 3 |  4- 6 |  7- 9 | 10-12 || total
-------------------------+-------+-------+-------+-------++-------
Melee: Whip              |    70 |    58 |       |       ||   128
       Falchion          |       |    36 |   105 |    55 ||   196
 Cast: Flame Tongue      |    11 |    25 |    48 |    12 ||    96
       Throw Flame       |     8 |     9 |    73 |    50 ||   140
       Conjure Flame     |       |     1 |     1 |       ||     2
       Sticky Flame      |       |       |     5 |     1 ||     6
       Shock             |       |       |       |    10 ||    10
       Fireball          |       |       |       |     7 ||     7
Invok: Channel Energy    |       |       |       |     2 ||     2
 Abil: Spit Poison       |       |     1 |     1 |       ||     2
Evoke: Wand              |       |       |       |     1 ||     1
  Use: Potion            |     2 |     4 |     6 |     8 ||    20
       Scroll            |       |     6 |    12 |     9 ||    27
 Stab: Sleeping          |     1 |       |     2 |     1 ||     4
       Distracted        |       |     1 |       |       ||     1
  Eat: Bread ration      |     1 |     2 |     1 |       ||     4
       Meat ration       |       |       |     2 |     3 ||     5
       Fruit             |       |       |     1 |     1 ||     2
